AoeStats
← renardponpon

Nomad

508941281Analyzed
2v2 RM · 8d ago on Sep 24, 2026· 39m 12s· 4 players
Game mode
Random Map
Map size
176×176
Population
200
Speed
Normal
Resources
Standard
Victory
Conquest
Starting age
Dark Age
Ending age
Imperial Age
RankedLock teamsTeams togetherTeam positionsShared explorationLock speedFull tech treeHidden civsTurbo modeCheats
Victory
Defeat
🇵🇱 Saxons · Poland
1022
+16
🇵🇱 Spanish · Poland
956
+19
🇫🇷 Japanese · France
1040
-18
🇫🇷 Varangians · France
1002
-17
Decen't
12:15 Loom
14:57 Feudal Age
15:38 Double-Bit Axe
16:48 Gold Mining
19:21 Castle Age
18:05 Fishing Lines
18:46 Stone Mining
19:09 Bloodlines
19:40 Scale Barding Armor
23:09 Forging
28:28 Town Watch
29:19 Wheelbarrow
30:59 Chain Barding Armor
30:29 Fletching
31:02 Chain Barding Armor
31:06 Horse Collar
35:54 Imperial Age
33:25 Town Patrol
33:38 Husbandry
37:10 Gold Shaft Mining
36:20 Cavalier
38:05 Hand Cart
DeathNote
14:56 Feudal Age
19:06 Castle Age
17:38 Stone Mining
17:47 Stone Mining
18:26 Double-Bit Axe
18:27 Horse Collar
18:53 Gold Mining
23:15 Padded Archer Armor
23:55 Wheelbarrow
26:25 Husbandry
26:46 Bloodlines
30:59 Leather Archer Armor
37:04 Imperial Age
36:10 Hand Cart
38:16 Conscription
38:29 Ring Archer Armor
Azurii
5:40 Loom
13:22 Feudal Age
13:56 Fishing Lines
14:06 Double-Bit Axe
15:25 Wheelbarrow
16:04 Horse Collar
17:06 Bloodlines
19:15 Castle Age
17:52 Gold Mining
19:17 Bloodlines
19:22 Forging
20:17 Scale Barding Armor
20:26 Gillnets
22:11 Husbandry
28:31 Bow Saw
29:16 Iron Casting
28:32 Fletching
29:20 Iron Casting
31:34 Stone Mining
32:02 Hand Cart
33:02 Chain Barding Armor
35:44 Bodkin Arrow
38:21 Imperial Age
36:50 Squires
36:37 Gambesons
38:35 Town Watch
renardponpon
13:00 Loom
16:04 Feudal Age
17:06 Double-Bit Axe
16:58 Man-at-Arms
21:02 Castle Age
19:10 Fishing Lines
19:34 Scale Mail Armor
19:45 Forging
21:36 Long Swordsman
22:17 Squires
22:06 Arson
29:49 Gambesons
30:21 Town Watch
31:59 Pikeman
39:11 Ballistics
Connection lost

Rejoining the realm…

Still unreachable

The connection could not be restored.

Session expired

The server has moved on; the page needs a fresh start.